[Event "*** Titled Tuesday 3|2 Blitz"]
[Site "Chess.com"]
[Date "2015.03.03"]
[Round "4"]
[White "bsmail"]
[Black "kesarev"]
[Result "0-1"]
[WhiteElo "2047"]
[BlackElo "2235"]
[TimeControl "180+2"]
[EndTime "11:51:32 PST"]
[Termination "kesarev won on time"]

1. d4 g6 2. c4 Bg7 3. Nc3 Nf6 4.
Bg5 O-O 5. e3 d6 6. Nf3 c5 7. d5 h6 8. Bh4 e6 9. Be2 exd5 10.
cxd5 Re8 11. O-O a6 12. a4 Nbd7 13. Nd2 Ne5 14. Bg3 h5 15. Bxe5 Rxe5 16. Nc4 Re7 17. Qc2 b6 18. Rae1 Rb8 19. Ra1 Qc7 20. h3 Bd7 21. Bf3 Be8 22. Rfe1 Nd7 23. Ne4 Be5 24. Rac1 b5 25. Nxe5 Rxe5 26. b4 c4 27. a5 Rxd5 28.
Red1 Rxd1+ 29. Rxd1 Ne5 30. Nxd6 Bc6 31. Bxc6 Nxc6 32.
Ne4 Qe7 33. Rd7 Nxb4 34. Qb1 Qe5 35. f3 Nd3 36. Rd5 Qb2 37. Qd1 Kg7 38. Rd7 Re8 39. Qf1 Qe5 40. Kh1 Re7 41. Rd8 Re8 42. Rd7 Re7 43.
Rd8 b4 44. Nd2 Qc3 45. Nxc4 Qxc4 46. Qxd3 Qxd3 47. Rxd3 Rb7 48. Rb3 Kf6 49. Kg1 Ke6 50. Kf2 Kd5 51. Ke2 Kc4 52. Rb1 Kc3 53. Kd1 b3 54. e4 Rb5 55. f4 Rxa5 56. e5 Ra2 57. g4 hxg4 58. hxg4 a5 59. f5 gxf5 60. gxf5 Rf2 61. Rc1+ Rc2 62. e6 fxe6 63. fxe6 Kb2 64. Rxc2+ bxc2+ 65. Kd2 c1=Q+ 0-1

[Event "*** Titled Tuesday 3|2 Blitz"]
[Site "Chess.com"]
[Date "2015.03.03"]
[Round "4"]
[White "KyronGriffith"]
[Black "lukas_111111"]
[Result "0-1"]
[WhiteElo "2159"]
[BlackElo "2283"]
[TimeControl "180+2"]
[EndTime "11:51:37 PST"]
[Termination "lukas_111111 won by resignation"]

1. e4 c5 2. Nf3 e6 3. d4 cxd4 4.
Nxd4 a6 5. Nc3 Qc7 6. Be2 Nc6 7. Be3 Nf6 8. O-O Be7 9. a4 O-O 10. f4 d6 11. Kh1 Re8 12. Nb3 b6 13. Bf3 Bb7 14. g4 Na5 15. Nxa5 bxa5 16. g5 Nd7 17. Bg2 Rab8 18. Qh5 g6 19. Qh6 Bf8 20. Qh4 Bg7 21. Ra3 Ba8 22. Bc1 Rb4 23. Rf3 Nf8 24. Qe1 Reb8 25. Rd3 Nd7 26. Rh3 Rc4 27. Rb3 Rbb4 28. f5 gxf5 29. exf5 Bxg2+ 30. Kxg2 Rg4+ 31. Rg3 Qb7+ 32. Kg1 Rxg3+ 33. hxg3 Rxb3 34. cxb3 Qxb3 35. Qe4 exf5 36.
Qxf5 Qe6 37. Qxe6 fxe6 38. Ne4 Be5 39. Kf2 Nb6 40. b3 d5 41. Nc5 Bd4+ 42. Be3 Bxc5 43. Bxc5 Nd7 44. Bd6 Kf7 45. Bc7 Nc5 46. Bxa5 Nxb3 47.
Bc3 Kg6 48. Bf6 Nc5 49. Be7 Nxa4 50. Ke3 e5 51. Bf6 Kf5 52. g4+ Ke6 53. Bg7 Nb6 54.
Bf8 a5 55. Kd3 a4 56. Bc5 Nc4 57. Kc3 a3 58. Kb3 e4 59. Bb4 e3 60. Be1 Ke5 61. Kb4 a2 62. Bc3+ d4 0-1

[Event "*** Titled Tuesday 3|2 Blitz"]
[Site "Chess.com"]
[Date "2015.03.03"]
[Round "4"]
[White "AUSSIE_PINOY"]
[Black "esr44"]
[Result "1-0"]
[WhiteElo "2224"]
[BlackElo "2079"]
[TimeControl "180+2"]
[EndTime "11:51:46 PST"]
[Termination "AUSSIE_PINOY won by checkmate"]

1. d4 d5 2. Nf3 Nf6 3. c4 e6 4. Nc3 Be7 5. Bg5 h6 6. Bh4 O-O 7. e3 Ne4 8. Bxe7 Qxe7 9. Rc1 c6 10.
Bd3 Nxc3 11. Rxc3 dxc4 12. Rxc4 b6 13. O-O Bb7 14. Ne5 Qd6 15. f4 Nd7 16. Qc2 Rac8 17.
Rc1 c5 18. Bh7+ Kh8 19. Be4 Bd5 20. Rc3 Nf6 21. Bxd5 Qxd5 22. dxc5 bxc5 23. Rxc5 Rxc5 24. Qxc5 Qxc5 25. Rxc5 Nd5 26. Kf2 Kg8 27. a3 Rb8 28. b4 Rb7 29. g3 f6 30. Nc6 Nb6 31. e4 Kh7 32. h4 Rc7 33. Nd4 Re7 34. h5 Na4 35.
Rc6 e5 36. Nf5 Rd7 37. Ke3 Nb6 38. fxe5 fxe5 39. g4 Na4 40. Re6 Nb2 41. Rc6 Rd3+ 42.
Ke2 Rd7 43. b5 Nd3 44. Rd6 Nf4+ 45. Kf3 Rc7 46. Rc6 Rb7 47. a4 Rd7 48. Nd6 Ne6 49. Ke3 Nd4 50. Ra6 Rc7 51. a5 Rc3+ 52. Kd2 Rg3 53.
b6 Nb3+ 54. Ke2 axb6 55. axb6 Nc5 56. Ra7 Rb3 57. Nf5 Ne6 58. Re7 Nd4+ 59. Kd2 Nxf5 60.
exf5 Rxb6 61. Ke3 Rb3+ 62. Ke4 Rb4+ 63. Kxe5 Rxg4 64. f6 Rg5+ 65. Ke6 Rxh5 66. f7 Rh1 67. f8=Q Re1+ 68. Kd7 Rd1+ 69. Ke8 Rd5 70. Qxg7# 1-0

[Event "*** Titled Tuesday 3|2 Blitz"]
[Site "Chess.com"]
[Date "2015.03.03"]
[Round "4"]
[White "michaelk123"]
[Black "FrankieJay"]
[Result "1/2-1/2"]
[WhiteElo "1919"]
[BlackElo "2196"]
[TimeControl "180+2"]
[EndTime "11:52:12 PST"]
[Termination "Game drawn by agreement"]

1. e4 c6 2. d4 d5 3. exd5 cxd5 4.
c4 Nf6 5. Nc3 Nc6 6. Nf3 Bg4 7.
cxd5 Nxd5 8. Be2 e6 9. h3 Bh5 10. O-O Be7 11. a3 O-O 12. Re1 Bf6 13. Be3 Rc8 14. Rc1 a6 15. Ne4 Nce7 16. Nc5 Rc7 17. Ne5 Bxe2 18. Qxe2 Nf5 19. g4 Nfxe3 20. fxe3 Bg5 21.
Qf3 Nxe3 22. h4 Qxd4 23. Qe4 Qxe4 24. Nxe4 Rxc1 25. Rxc1 Bxh4 26. g5 f6 27. gxf6 Bxf6 28. Nxf6+ gxf6 29. Nd7 Rf7 30. Rc8+ Kg7 31. Nc5 Re7 32.
Kf2 Nc4 33. Nxe6+ Rxe6 34. Rxc4 Rb6 35. Rc7+ Kg6 36. b4 h5 37. Kf3 Rb5 38. Kf4 b6 39.
Rc6 a5 40. bxa5 Rxa5 41. Rxb6 Ra4+ 42. Kg3 Rxa3+ 43. Kf4 Ra4+ 44. Kf3 Ra5 45. Rb8 Kf5 46.
Rh8 Ra3+ 47. Kg2 Kg4 48. Rg8+ Kh4 49. Kf2 Ra5 50. Rg6 Rf5+ 51. Kg2 Rf4 52. Rh6 Kg5 53. Rh8 f5 54. Rg8+ Kh4 55. Rh8 Ra4 56. Kf3 Rg4 57. Rh7 Rg6 58. Kf4 Rf6 59. Rh8 Rf7 60. Rh6 Rf8 61. Rh7 Rf6 62. Rh8 Rg6 63. Kxf5 Rg5+ 64.
Kf4 Rg4+ 65. Kf3 Ra4 66. Kg2 Ra2+ 67. Kg1 Kg4 68. Rg8+ Kh3 69. Kh1 Ra1+ 70. Rg1 Ra2 71. Rb1 Ra3 72. Kg1 h4 73. Kh1 Rg3 74. Ra1 Rc3 75. Rb1 Kg3 76. Ra1 h3 77. Rg1+ Kh4 78. Ra1 Rf3 79. Rb1 Kg3 80. Rg1+ Kf2 81. Ra1 Re3 82.
Kh2 Kf3 1/2-1/2

[Event "*** Titled Tuesday 3|2 Blitz"]
[Site "Chess.com"]
[Date "2015.03.03"]
[Round "4"]
[White "MattyDPerrine"]
[Black "grandmastergauri"]
[Result "1/2-1/2"]
[WhiteElo "2177"]
[BlackElo "2292"]
[TimeControl "180+2"]
[EndTime "11:52:14 PST"]
[Termination "Game drawn by agreement"]

1. d4 Nf6 2. c4 e6 3. Nc3 d5 4. cxd5 exd5 5. Bg5 c6 6. e3 h6 7. Bh4 Be7 8. Bd3 Nbd7 9. Qc2 Nh5 10. Bxe7 Qxe7 11. Nge2 Nb6 12. O-O Nf6 13. Ng3 O-O 14. Rfe1 Bd7 15. Rad1 Rac8 16. Qe2 Rfe8 17. h3 c5 18.
dxc5 Qxc5 19. Bf5 Be6 20. Qb5 Qxb5 21. Nxb5 Bxf5 22. Nxf5 Rc2 23. Rb1 Nc4 24. b3 Nd2 25.
Ra1 Nde4 26. f3 Nc5 27. Nfd4 Rd2 28. Nxa7 Nd3 29. Red1 Rxd1+ 30. Rxd1 Rxe3 31. Nf5 Re1+ 32. Rxe1 Nxe1 33. Nb5 Nd3 34. Nbd6 b6 35. Nb5 Nb4 36.
Nc3 g6 37. Nd4 Kf8 38. Kf2 Ke7 39. a3 Nd3+ 40. Ke3 Nc5 41. b4 Ncd7 42. Na4 Kd6 43. Nb5+ Kc6 44. Nd4+ Kd6 45. Kd3 Nh5 46. Ke3 Ng7 47.
g4 Ne6 48. f4 g5 49. Nf5+ Kc6 50. Nxh6 gxf4+ 51. Kd3 Ne5+ 52. Ke2 f3+ 53. Ke3 d4+ 54. Kf2 d3 55. Nc3 Nf4 56. Nxf7 Nxf7 57. Kxf3 Nxh3 58. Ke3 Ne5 59. Kd4 Nxg4 60. Kxd3 Nf4+ 61. Kd4 Ne6+ 62. Kc4 Ne5+ 63. Kb3 Nd4+ 64. Ka2 Nc4 65. a4 Nc2 66. Kb3 N2e3 67. a5 Nd2+ 68. Ka4 bxa5 69. Kxa5 Nec4+ 70. Ka6 Nb3 71. b5+ Kc5 72. Ne4+ Kb4 73. b6 Nxb6 74. Kxb6 1/2-1/2

[Event "*** Titled Tuesday 3|2 Blitz"]
[Site "Chess.com"]
[Date "2015.03.03"]
[Round "4"]
[White "zmaj23"]
[Black "GMHess"]
[Result "1-0"]
[WhiteElo "2332"]
[BlackElo "2453"]
[TimeControl "180+2"]
[EndTime "11:52:25 PST"]
[Termination "zmaj23 won by resignation"]

1. e4 e5 2. Nc3 Nc6 3. Bc4 Nf6 4.
d3 Bb4 5. f4 d5 6. exd5 Nxd5 7.
Bxd5 Qxd5 8. Nf3 Bg4 9. O-O Bxc3 10. bxc3 O-O 11. Rb1 b6 12. c4 Qc5+ 13. Kh1 e4 14. Rb5 Qe7 15. dxe4 Rad8 16. Qe1 Bxf3 17. gxf3 Nd4 18.
Re5 Qf6 19. c3 Nc6 20. Rf5 Qe6 21. Rd5 Na5 22. Qh4 Rc8 23. f5 Qc6 24. Rg1 g6 25. f6 Kh8 26. Bh6 Rg8 27. Bg7+ Rxg7 28. fxg7+ Kxg7 29. c5 Nc4 30. Qf2 b5 31. Qd4+ Qf6 32. f4 Qxd4 33.
cxd4 Kf6 34. Rd7 Ke6 35. c6 Nb6 36. d5+ Kf6 37. e5+ Kg7 38. e6 Rf8 39. e7 Re8 40.
Rxc7 Nxd5 41. Rd7 Nb6 42. Rxa7 Kf6 43. Re1 Nc8 44. Ra8 Nd6 45. Rxe8 Nxe8 46. Rb1 Kxe7 47.
Rxb5 Kd6 48. Rb7 Nc7 49. Rb8 Ne6 50. a4 Kxc6 51. a5 Kc7 52. Rh8 h5 53. Rh7 Nd8 54. Rh8 Ne6 55. Rh7 Nd8 56. Kg2 Kc6 57. Kf3 Kb5 58. Rh8 Ne6 59. Ra8 Nd4+ 60. Ke4 Nc6 61. a6 Kb6 62. Rf8 f5+ 63. Kd5 Nb4+ 64. Kc4 Nxa6 65. Rf6+ Kb7 66. Rxg6 Nc7 67. Rg5 Ne6 68. Rxf5 Kc7 69. Kd5 Nd8 70. Rxh5 Kd7 71. Rh7+ Ke8 72. f5 Nf7 73. h4 Ke7 74. h5 Kf6 75. Rxf7+ Kxf7 76. Ke5 Ke7 77. h6 Kf7 78. h7 Kg7 79. Ke6 Kxh7 80. Ke7 Kg8 81. f6 Kh7 82. f7 1-0

[Event "*** Titled Tuesday 3|2 Blitz"]
[Site "Chess.com"]
[Date "2015.03.03"]
[Round "5"]
[White "MinhGTrAn"]
[Black "GasconJR"]
[Result "1-0"]
[WhiteElo "2419"]
[BlackElo "2276"]
[TimeControl "180+2"]
[EndTime "11:56:40 PST"]
[Termination "MinhGTrAn won by checkmate"]

1. d4 e6 2. c4 f5 3. Nc3 Nf6 4.
Nf3 d5 5. h3 c6 6. g4 Bd6 7.
gxf5 exf5 8. Rg1 O-O 9. Bh6 Rf7 10. e3 Ne4 11. cxd5 cxd5 12. Qb3 Kh8 13. Bg5 Nxg5 14. Nxg5 Rf8 15. Qxd5 Nc6 16. Nf7+ Rxf7 17. Qxf7 Bd7 18. Qxg7# 1-0

[Event "*** Titled Tuesday 3|2 Blitz"]
[Site "Chess.com"]
[Date "2015.03.03"]
[Round "5"]
[White "Tomsel"]
[Black "Danirod"]
[Result "1-0"]
[WhiteElo "2290"]
[BlackElo "2311"]
[TimeControl "180+2"]
[EndTime "11:57:19 PST"]
[Termination "Tomsel won by checkmate"]

1. d4 Nf6 2. Bf4 c5 3. e3 e6 4. c3 Nc6 5. Nd2 Nh5 6. Qxh5 Qb6 7. Nc4 Qd8 8. dxc5 g6 9. Qf3 d5 10. cxd6 Bg7 11. d7+ Bxd7 12. Nd6+ Kf8 13. Nh3 h6 14. Bxh6 Ne5 15. Bxg7+ Kxg7 16. Qf4 f6 17. Be2 Bc6 18. Rd1 Qa5 19. O-O Qxa2 20. Ng5 Rad8 21. Bc4 Qa5 22.
Nxe6+ Kh7 23. Qxf6 Nxc4 24. Qg7# 1-0

[Event "*** Titled Tuesday 3|2 Blitz"]
[Site "Chess.com"]
[Date "2015.03.03"]
[Round "5"]
[White "zmaj23"]
[Black "exoticprincess"]
[Result "0-1"]
[WhiteElo "2331"]
[BlackElo "2792"]
[TimeControl "180+2"]
[EndTime "11:57:31 PST"]
[Termination "exoticprincess won by resignation"]

1. e4 d6 2. d4 Nf6 3. Nc3 e5 4. Nf3 Nbd7 5. Rg1 c6 6. g4 h6 7.
dxe5 Nxe5 8. Nxe5 dxe5 9. Qxd8+ Kxd8 10. g5 hxg5 11. Rxg5 Rxh2 12. Bd2 Be6 13. O-O-O Kc7 14. f3 Rh5 15. Rxh5 Nxh5 16. Be3 b6 17. Ba6 Rd8 18. Rh1 g6 19. b3 Ba3+ 20. Kb1 b5 21.
Ne2 Nf4 22. Nc1 Rb8 23. Rh7 c5 24. Bxf4 exf4 25. Nd3 Rb6 26. Bxb5 Rxb5 27. Nxf4 Kd6 28. Nxe6 Kxe6 29. c4 Rb8 30. Kc2 Rd8 0-1

[Event "*** Titled Tuesday 3|2 Blitz"]
[Site "Chess.com"]
[Date "2015.03.03"]
[Round "5"]
[White "FabianEnglert"]
[Black "Schemato"]
[Result "1-0"]
[WhiteElo "2238"]
[BlackElo "2073"]
[TimeControl "180+2"]
[EndTime "11:57:39 PST"]
[Termination "FabianEnglert won by resignation"]

1. Nf3 c5 2. c4 g6 3. d4 cxd4 4.
Nxd4 Bg7 5. e4 Nc6 6. Be3 d6 7. Nc3 Nf6 8. Be2 O-O 9. O-O Ng4 10. Bxg4 Bxg4 11. Nxc6 Bxd1 12. Nxd8 Bxc3 13. Raxd1 Rfxd8 14. bxc3 Rdc8 15. c5 dxc5 16. Rd7 b6 17. Rfd1 e6 18.
Bh6 b5 19. R1d3 b4 20. Rf3 bxc3 21. Rfxf7 Rab8 22. Rg7+ Kh8 23. Rxh7+ Kg8 24. Rdg7+ 1-0

[Event "*** Titled Tuesday 3|2 Blitz"]
[Site "Chess.com"]
[Date "2015.03.03"]
[Round "5"]
[White "DanielRensch"]
[Black "bsmail"]
[Result "1-0"]
[WhiteElo "2255"]
[BlackElo "2043"]
[TimeControl "180+2"]
[EndTime "11:58:06 PST"]
[Termination "DanielRensch won by resignation"]

1. e4 c5 2. Nf3 d6 3. d4 cxd4 4.
Nxd4 Nf6 5. Nc3 g6 6. Be3 Bg7 7. f3 Nc6 8. Qd2 O-O 9. O-O-O d5 10. exd5 Nxd5 11. Nxc6 bxc6 12. Bd4 Nxc3 13. Qxc3 Bh6+ 14. Be3 Bxe3+ 15. Qxe3 Qb6 16. Qxe7 Be6 17. Qa3 Rfd8 18. Bd3 Rd5 19. b3 Rad8 20. Rde1 Qd4 21. Qb2 Qf2 22. Re2 Qc5 23. Bc4 R5d6 24. Bxe6 Rxe6 25. Rxe6 fxe6 26. Qf6 Qe3+ 27. Kb1 Rf8 28. Qe7 Rf7 29. Qe8+ Kg7 30. Qxc6 Qe2 31. Qc3+ Kg8 32. Re1 Qxg2 33. Rxe6 Qf1+ 34.
Kb2 Qxf3 35. Re8+ Rf8 36. Qxf3 1-0

[Event "*** Titled Tuesday 3|2 Blitz"]
[Site "Chess.com"]
[Date "2015.03.03"]
[Round "5"]
[White "stepanosinovsky"]
[Black "IMLevAltounian"]
[Result "0-1"]
[WhiteElo "2283"]
[BlackElo "2449"]
[TimeControl "180+2"]
[EndTime "11:58:18 PST"]
[Termination "IMLevAltounian won on time"]

1. e4 e6 2. d3 d5 3. Nd2 Nf6 4.
Ngf3 b6 5. g3 Bb7 6. Bg2 dxe4 7.
Ng5 Be7 8. Ngxe4 Qc8 9. O-O O-O 10. a4 Nxe4 11. Nxe4 Nc6 12. Re1 a5 13. c3 e5 14.
Qh5 Qd7 15. Be3 h6 16. Bxh6 gxh6 17. Qxh6 Qf5 18. Re3 Qg6 19. Qh3 f5 20. Nd2 Bg5 21. f4 exf4 0-1

[Event "*** Titled Tuesday 3|2 Blitz"]
[Site "Chess.com"]
[Date "2015.03.03"]
[Round "5"]
[White "1stSecond"]
[Black "Rijeka1999"]
[Result "1-0"]
[WhiteElo "2366"]
[BlackElo "2243"]
[TimeControl "180+2"]
[EndTime "11:58:25 PST"]
[Termination "1stSecond won by resignation"]

1. d4 d5 2. Nf3 Nf6 3. c4 c6 4. Nc3 a6 5. c5 Bf5 6. Bf4 Nbd7 7. h3 h6 8. g4 Bh7 9. Bg2 e6 10. O-O Be7 11. b4 Ne4 12. Qb3 O-O 13. a4 b6 14.
Ne5 Nxe5 15. Nxe4 dxe4 16. Bxe5 a5 17. b5 bxc5 18. dxc5 cxb5 19. Rfd1 Qc8 20. axb5 Qxc5 21. Qb2 f6 22. Bd4 Qg5 23. b6 f5 24. Qb3 Qg6 25. b7 Rab8 26. Be5 fxg4 27. Bxb8 Rxb8 28. hxg4 Qxg4 29. Rxa5 Qxe2 30. Ra8 Bd6 31. Rxd6 1-0

[Event "*** Titled Tuesday 3|2 Blitz"]
[Site "Chess.com"]
[Date "2015.03.03"]
[Round "5"]
[White "pedromartinez91"]
[Black "ChessTrener"]
[Result "0-1"]
[WhiteElo "2149"]
[BlackElo "2449"]
[TimeControl "180+2"]
[EndTime "11:58:35 PST"]
[Termination "ChessTrener won by resignation"]

1. e4 c5 2. Nf3 Nc6 3. Bb5 g6 4. O-O Bg7 5. c3 Nf6 6. Re1 O-O 7. h3 d5 8. e5 Ne8 9. Bxc6 bxc6 10. d3 Rb8 11. b3 Nc7 12. Nbd2 Ba6 13. c4 Ne6 14. Bb2 Qd7 15. Qe2 Rbe8 16. g3 f5 17. Kg2 g5 18.
Nh2 Rd8 19. Rad1 Bc8 20. Ndf1 f4 21. Qg4 Qe8 22. Qe2 Qg6 23. g4 f3+ 24. Nxf3 Nf4+ 25. Kg3 Nxe2+ 26. Rxe2 h5 27. N1h2 hxg4 28. hxg4 dxc4 29.
bxc4 Rxd3 30. Rxd3 Qxd3 31. Re3 Qb1 32. Bc3 Qxa2 33.
Nxg5 Qxf2+ 34. Kh3 Qxe3+ 0-1

[Event "*** Titled Tuesday 3|2 Blitz"]
[Site "Chess.com"]
[Date "2015.03.03"]
[Round "5"]
[White "Mvpag"]
[Black "Colombiano07"]
[Result "1-0"]
[WhiteElo "1859"]
[BlackElo "1956"]
[TimeControl "180+2"]
[EndTime "11:59:15 PST"]
[Termination "Mvpag won by resignation"]

1. d4 d5 2. Nf3 c6 3. e3 Bf5 4.
Bd3 Bxd3 5. cxd3 Nd7 6. O-O Ngf6 7. Nc3 e6 8. e4 Be7 9. Qb3 Qb6 10.
Qc2 O-O 11. Re1 Rac8 12. Bf4 c5 13. Na4 Qa5 14. dxc5 Nxc5 15. Nxc5 Qxc5 16. Qxc5 Rxc5 17. Be3 Rc2 18. b3 dxe4 19. dxe4 Nxe4 20. Bxa7 Bc5 21. Bxc5 Nxc5 22. Rec1 Rxc1+ 23. Rxc1 b6 24. Ne5 f6 25.
Nc4 Ra8 26. Rc2 Nxb3 27. Nxb6 Rd8 28. g3 Nd4 29. Rc7 e5 30. a4 e4 31. a5 g5 32.
a6 Nf3+ 33. Kg2 Ne1+ 34. Kf1 Rd1 35. Ke2 Ra1 36. a7 Nd3 37. a8=Q+ 1-0

[Event "*** Titled Tuesday 3|2 Blitz"]
[Site "Chess.com"]
[Date "2015.03.03"]
[Round "5"]
[White "Tilicheev_Viacheslav"]
[Black "Mazetovic"]
[Result "1-0"]
[WhiteElo "2513"]
[BlackElo "2278"]
[TimeControl "180+2"]
[EndTime "11:59:32 PST"]
[Termination "Tilicheev_Viacheslav won by resignation"]

1. e4 c5 2. Nf3 Nc6 3. Nc3 g6 4. d4 cxd4 5. Nxd4 Bg7 6. Be3 Nf6 7.
Bc4 Qa5 8. O-O O-O 9. Bb3 d6 10. h3 Bd7 11. f4 Nxd4 12. Bxd4 Bc6 13. Qd3 Nd7 14. Bxg7 Kxg7 15. Rae1 Rad8 16. Nd5 Qc5+ 17.
Kh1 e6 18. Nc3 Nf6 19. f5 e5 20.
Qf3 h6 21. Rd1 g5 22. Nd5 Bxd5 23. exd5 e4 24. Qg3 e3 25. Rde1 Rde8 26. h4 g4 27. Rf4 h5 28. Rc4 Qxd5 29. Rxg4+ hxg4 30. Bxd5 Nxd5 31. Qxg4+ Kh7 32. Qh5+ Kg7 33. Qg5+ Kh7 34. f6 1-0

[Event "*** Titled Tuesday 3|2 Blitz"]
[Site "Chess.com"]
[Date "2015.03.03"]
[Round "5"]
[White "Ar4uha"]
[Black "Irochka83"]
[Result "1-0"]
[WhiteElo "2463"]
[BlackElo "2279"]
[TimeControl "180+2"]
[EndTime "11:59:46 PST"]
[Termination "Ar4uha won by resignation"]

1. e4 e6 2. c4 d5 3. exd5 exd5 4.
cxd5 Nf6 5. Bb5+ Bd7 6. Bc4 Be7 7. d4 O-O 8. Nf3 Bg4 9. O-O Nbd7 10. Nc3 Nb6 11. Bb3 Nbxd5 12. h3 Bh5 13. g4 Bg6 14. Ne5 c6 15. Re1 Re8 16. Qf3 Bf8 17. h4 h5 18. Bg5 hxg4 19. Nxg4 Qd6 20. Ne5 Bh5 21. Qg3 Re6 22. Bc2 Rae8 23. Bf5 R6e7 24.
Nxd5 cxd5 25. Re3 Rc7 26. Rae1 Ne4 27. Bxe4 dxe4 28. Rxe4 f6 29. Bf4 Qd5 30. Ng4 Bxg4 31. Rxe8 Rc2 32. Qxg4 1-0

[Event "*** Titled Tuesday 3|2 Blitz"]
[Site "Chess.com"]
[Date "2015.03.03"]
[Round "5"]
[White "Fandorine"]
[Black "IMRosen"]
[Result "1-0"]
[WhiteElo "2579"]
[BlackElo "2117"]
[TimeControl "180+2"]
[EndTime "11:59:52 PST"]
[Termination "Fandorine won on time"]

1. e4 c5 2. Nf3 e6 3. c3 d5 4.
exd5 Qxd5 5. d4 Nf6 6. Na3 Qd8 7. Nc2 Nc6 8. Be2 cxd4 9. Ncxd4 Nxd4 10. Qxd4 Qxd4 11. Nxd4 Bd7 12. Bf4 O-O-O 13. O-O-O Nd5 14. Bg3 Bc5 15. Rhe1 Rhe8 16. Bh5 Re7 17. Nb3 Nf6 18. Bxf7 Bxf2 19. Bxf2 Rxf7 20. Bxa7 Bc6 21. Rxd8+ Kxd8 22. Re2 Bd5 23. Bd4 Ne4 24. c4 Bc6 25. Na5 Rf1+ 26. Kc2 Nd6 27. Nxc6+ bxc6 28. b3 Nf5 29. Be5 Kd7 30.
Rd2+ Kc8 31. a4 g5 32. a5 Kb7 33.
b4 1-0

[Event "*** Titled Tuesday 3|2 Blitz"]
[Site "Chess.com"]
[Date "2015.03.03"]
[Round "5"]
[White "destroyer305"]
[Black "grandmastergauri"]
[Result "1-0"]
[WhiteElo "2209"]
[BlackElo "2282"]
[TimeControl "180+2"]
[EndTime "12:00:01 PST"]
[Termination "destroyer305 won by resignation"]

1. e4 e5 2. Nf3 Nc6 3. d4 exd4 4.
Bc4 Nf6 5. e5 d5 6. Bb5 Ne4 7.
Nxd4 Bd7 8. Bxc6 bxc6 9. O-O Bc5 10. f3 Ng5 11. f4 Ne4 12. Be3 Qh4 13. Nd2 Nxd2 14.
Qxd2 O-O 15. Nb3 Bb6 16. a4 Bf5 17. a5 Bxe3+ 18. Qxe3 Bxc2 19. Nd4 Be4 20. Nxc6 Rfe8 21.
Nxa7 Re6 22. Nb5 Rb8 23. a6 Rh6 24. h3 Rg6 25. Rf2 Rxa6 26. Rxa6 h5 27. Nc3 Bf5 28.
Nxd5 Be6 29. Nxc7 Bc4 30. Rb6 Rd8 31. Rd6 Ra8 1-0

[Event "*** Titled Tuesday 3|2 Blitz"]
[Site "Chess.com"]
[Date "2015.03.03"]
[Round "5"]
[White "AlexanderL"]
[Black "raskolnnikov"]
[Result "1-0"]
[WhiteElo "2516"]
[BlackElo "2272"]
[TimeControl "180+2"]
[EndTime "12:00:02 PST"]
[Termination "AlexanderL won by resignation"]

1. d4 d5 2. c4 c6 3. Nf3 Nf6 4.
g3 g6 5. Bg2 Bg7 6. Qb3 O-O 7.
O-O dxc4 8. Qxc4 Bf5 9. Nc3 Nbd7 10. Qb3 Qb6 11. Re1 Ne4 12. Nh4 Nxc3 13. Nxf5 Nxe2+ 14. Rxe2 gxf5 15. Rxe7 Qxb3 16. axb3 Nb6 17. Rxb7 Bxd4 18.
Raxa7 Rxa7 19. Rxa7 Re8 20. Kf1 c5 21. Rb7 Nc8 22.
Bd5 Re7 23. Rb8 Re8 24. Bc6 Rf8 25. Bh6 Bg7 26. Bxg7 Kxg7 27. Ke2 Ne7 28. Rxf8 Kxf8 29. Bd7 Kg7 30. Kd3 Kf6 31. Kc4 Ke5 32. Kxc5 f4 33. b4 f3 34. b5 1-0

[Event "*** Titled Tuesday 3|2 Blitz"]
[Site "Chess.com"]
[Date "2015.03.03"]
[Round "5"]
[White "AndreyOstrovskiy"]
[Black "AUSSIE_PINOY"]
[Result "1-0"]
[WhiteElo "2354"]
[BlackElo "2219"]
[TimeControl "180+2"]
[EndTime "12:00:09 PST"]
[Termination "AndreyOstrovskiy won by resignation"]

1. e4 c5 2. Nf3 a6 3. c4 e6 4. Nc3 Qc7 5. d4 cxd4 6. Nxd4 b6 7. Be3 Bb7 8. Bd3 Nf6 9. Rc1 d6 10. O-O Nbd7 11. Bb1 Be7 12. f4 h5 13. f5 e5 14. Nf3 Rc8 15. Nd5 Bxd5 16. cxd5 Qb7 17. Rxc8+ Qxc8 18. Qe2 Nc5 19. Rc1 Qb7 20. Ng5 O-O 21. b4 Na4 22. Rc6 b5 23. h3 h4 24.
Qc2 Ne8 25. Nf3 Bd8 26. Bf2 Bb6 27. Nxh4 Bxf2+ 28. Qxf2 Nf6 29. g4 Nh7 30. Nf3 Rb8 31. Bd3 Nb6 32. g5 Nf8 33. Nd2 Na4 34. Nb3 Nb2 35.
Qxb2 Qe7 36. h4 g6 37. Qf2 Qd7 38. Na5 Rc8 1-0

[Event "*** Titled Tuesday 3|2 Blitz"]
[Site "Chess.com"]
[Date "2015.03.03"]
[Round "5"]
[White "Polemistis"]
[Black "michaelk123"]
[Result "0-1"]
[WhiteElo "1140"]
[BlackElo "1920"]
[TimeControl "180+2"]
[EndTime "12:00:15 PST"]
[Termination "michaelk123 won by resignation"]

1. d4 Nf6 2. c4 g6 3. Nc3 d5 4.
cxd5 Nxd5 5. e4 Nxc3 6. bxc3 Bg7 7. Bg5 c5 8. Rc1 O-O 9. Nf3 b6 10. Be2 Bb7 11. d5 Qd7 12. O-O f5 13. e5 Qxd5 14.
Bxe7 Re8 15. Bd6 Nd7 16. Bb5 Nxe5 17. Bxe5 Rxe5 18. Bc4 Qxc4 19. Nxe5 Bxe5 20. Re1 Bf6 21. Qd7 Qd5 22. Re8+ Rxe8 23. Qxe8+ Kg7 24. f3 Bc6 25. Qc8 Qd2 26. Qc7+ Bd7 27. Rf1 Bxc3 28. Qd8 Bf6 29. Qc7 Kh6 30. Qb8 Bb5 31. Qf8+ Bg7 32. Qe7 Qd4+ 33.
Rf2 Qa1+ 0-1

[Event "*** Titled Tuesday 3|2 Blitz"]
[Site "Chess.com"]
[Date "2015.03.03"]
[Round "5"]
[White "Brandon_Clarke"]
[Black "biostatistician"]
[Result "0-1"]
[WhiteElo "2302"]
[BlackElo "2307"]
[TimeControl "180+2"]
[EndTime "12:00:40 PST"]
[Termination "biostatistician won by resignation"]

1. e4 e6 2. d4 d5 3. Nd2 Nc6 4. Ngf3 Nf6 5. e5 Ne4 6. Bd3 Nxd2 7. Bxd2 Nb4 8. Bxb4 Bxb4+ 9. c3 Be7 10. O-O Bd7 11. Nd2 c5 12. Qg4 g6 13. a3 c4 14. Bc2 h5 15. Qh3 Qc7 16. b4 cxb3 17. Bxb3 Rc8 18. c4 dxc4 19. Bxc4 O-O 20. Rfc1 Qa5 21.
Ne4 Bb5 22. Bxe6 Rxc1+ 23. Rxc1 Qxa3 24. Rb1 Qxh3 25. Bxh3 Bc6 26. Nc3 Rd8 27. Rd1 Bb4 28. Na2 a5 29. Nxb4 axb4 30. f4 b3 31. Kf2 Be4 32. Ke3 Bc2 33. Re1 b2 34. g4 hxg4 35. Bxg4 b1=Q 36. Rxb1 Bxb1 37. Bf3 b5 38. d5 b4 39. Kd4 b3 40. Kc3 Bc2 41. d6 Kf8 42. Bd5 Rb8 43. Kb2 Bf5 44. h4 Be6 45. Bc6 Rb6 46.
Be4 Ke8 47. h5 gxh5 48. f5 Bc4 49. Bf3 h4 50. Bh5 h3 51. e6 Rxd6 52. Bxf7+ Ke7 53. Bh5 h2 54. Bf3 Bd5 0-1

[Event "*** Titled Tuesday 3|2 Blitz"]
[Site "Chess.com"]
[Date "2015.03.03"]
[Round "5"]
[White "HansCoolNiemann"]
[Black "SuPeR_Fm"]
[Result "0-1"]
[WhiteElo "1826"]
[BlackElo "2358"]
[TimeControl "180+2"]
[EndTime "12:00:40 PST"]
[Termination "SuPeR_Fm won by checkmate"]

1. d4 c5 2. d5 e5 3. c4 d6 4. e4 Be7 5. Bd3 Bg5 6. Nd2 Nf6 7.
Ngf3 Bh6 8. O-O O-O 9. Qe2 Nbd7 10. Nh4 Nxd5 11. exd5 Qxh4 12. Nf3 Qh5 13. Bxh6 Qxh6 14.
Bf5 Nf6 15. Bxc8 Raxc8 16. Rab1 Ng4 17. h3 Nf6 18. b4 cxb4 19. Rxb4 b6 20. a4 Nh5 21. a5 Nf4 22. Qa2 Qg6 23. Nh4 Qg5 24. g3 Nxh3+ 25. Kh2 Nf4 26. axb6 axb6 27. Rxb6 Qg4 28.
Rxd6 g5 29. Qb2 gxh4 30. gxf4 Qxf4+ 31. Kh3 Rxc4 32. Re1 Qf3+ 33. Kh2 Rg4 34. Rg1 Rxg1 35. Kxg1 h3 36. Kf1 Qd1# 0-1

[Event "*** Titled Tuesday 3|2 Blitz"]
[Site "Chess.com"]
[Date "2015.03.03"]
[Round "5"]
[White "manitodeplomo"]
[Black "AungTZ"]
[Result "1-0"]
[WhiteElo "2288"]
[BlackElo "2061"]
[TimeControl "180+2"]
[EndTime "12:00:47 PST"]
[Termination "manitodeplomo won by resignation"]

1. d4 Nf6 2. c4 e6 3. Nf3 d5 4.
Nc3 Be7 5. Bg5 Ne4 6. Bxe7 Qxe7 7. e3 f5 8. Bd3 c6 9. O-O O-O 10. Qc2 Bd7 11. Rab1 Kh8 12. b4 Nxc3 13. Qxc3 a6 14.
a4 Be8 15. b5 Nd7 16. bxc6 bxc6 17. Rb7 Qd6 18. c5 Qe7 19. Ne5 Rc8 20. Bxa6 Qd8 21. Nxd7 Bxd7 22. Bd3 Ra8 23. a5 Bc8 24. Rb6 Bd7 25. a6 f4 26. e4 f3 27. g3 Qf6 28.
e5 Qh6 29. Re1 Be8 30. Ra1 Bg6 31. Bf1 Bf5 32. a7 Bh3 33. Qe1 Bxf1 34. Qxf1 Qd2 35. Qd1 Rxa7 36. Rxc6 Ra2 37. Qf1 Qxd4 38. Rxa2 1-0